 Dungeon Crawl Stone Soup version 0.27-a0-1378-gdefffd1ff6 (webtiles) character file.

Game seed: 18384666026384365125

251951 Armakuni the Fencer (level 20, -13/157 HPs)
             Began as a Human Artificer on June 25, 2021.
             Was an Elder of the Shining One.
             Mangled by a dire elephant (18 damage)
             ... led by an ironbound beastmaster
             ... on level 1 of the Vaults on June 29, 2021.
             The game lasted 01:39:00 (32307 turns).

Armakuni the Fencer (Human Artificer)              Turns: 32307, Time: 01:39:01

Health: -13/157    AC: 41    Str: 24    XL:     20   Next: 47%
Magic:  17/31      EV: 11    Int: 19    God:    the Shining One [****..]
Gold:   1720       SH: 18    Dex: 23    Spells: 7/21 levels left

rFire    . . .     SeeInvis .   a - +8 double sword (holy)
rCold    + + .     Faith    .   Y - +0 buckler
rNeg     + + .     Spirit   .   g - +4 crystal plate armour {rC+}
rPois    +         Reflect  .   A - +0 helmet
rElec    +         Harm     .   d - +2 cloak {rC+}
rCorr    +         Rampage  .   j - +1 pair of gloves of the Unseen Realm {rElec rPois}
Will     ++...                  D - +3 pair of boots of Glamorous Creativity {Int+3}
Stlth    ..........             R - amulet "Lauggugu" {rPois Regen+ Str+5}
HPRegen  1.36/turn              W - ring of willpower
MPRegen  0.22/turn              K - ring "Coadup" {rPois rCorr Str+4 Dex+7}

@: divinely shielded, wereblooded, glowing
A: no striking features
}: 2/15 runes: decaying, serpentine
a: Renounce Religion, Divine Shield, Cleansing Flame


You were on level 1 of the Vaults.
You worshipped the Shining One.
The Shining One was greatly pleased with you.
You visited 6 branches of the dungeon, and saw 30 of its levels.
You also visited: Bailey, Gauntlet and Ice Cave.

You collected 3911 gold pieces.
You spent 2191 gold pieces at shops.

Inventory:

Hand Weapons
 a - a +8 double sword of holy wrath (weapon)
Missiles
 r - a curare-tipped dart
 t - 3 atropa-tipped darts
 J - 12 silver javelins
 T - 7 javelins
Armour
 d - a +2 cloak of cold resistance (worn)
 g - a +4 crystal plate armour of cold resistance (worn)
 j - the +1 pair of gloves of the Unseen Realm (worn) {rElec rPois}
   (You acquired it on level 9 of the Dungeon)

   rElec:     It insulates you from electricity.
   rPois:     It protects you from poison.
 A - a +0 helmet (worn)
 D - the +3 pair of boots of Glamorous Creativity (worn) {Int+3}
   (You acquired it in a bailey)

   Int:       It affects your intelligence (+3).
 Y - a +0 buckler (worn)
Jewellery
 u - a +6 ring of dexterity
 K - the ring "Coadup" (right hand) {rPois rCorr Str+4 Dex+7}
   (You found it on level 5 of the Lair of Beasts)

   [ring of resist corrosion]

   Str:       It affects your strength (+4).
   Dex:       It affects your dexterity (+7).
   rPois:     It protects you from poison.
   rCorr:     It protects you from acid and corrosion.
 R - the amulet "Lauggugu" (around neck) {rPois Regen+ Str+5}
   (You acquired it on level 4 of the Dungeon)

   [amulet of regeneration]

   Str:       It affects your strength (+5).
   rPois:     It protects you from poison.
   Regen:     It increases your rate of health regeneration.
 W - a ring of willpower (left hand)
Wands
 f - a wand of flame (63)
 k - a wand of digging (8)
 m - a wand of polymorph (36)
 p - a wand of paralysis (12)
 I - a wand of iceblast (9)
 S - a wand of mindburst (11) (quivered)
Scrolls
 b - a scroll of immolation
 c - 2 scrolls of fog
 q - 2 scrolls of magic mapping
 w - 2 scrolls of blinking
 x - 2 scrolls of holy word
 y - 5 scrolls of noise
 M - 7 scrolls of amnesia
 O - 13 scrolls of identify
 P - 5 scrolls of vulnerability
 Q - 8 scrolls of teleportation
 U - 2 scrolls of fear
 V - 2 scrolls of summoning
Potions
 i - 3 potions of magic
 n - 12 potions of curing
 o - 3 potions of cancellation
 s - 7 potions of flight
 v - 5 potions of lignification
 z - 4 potions of attraction
 B - 5 potions of brilliance
 C - 2 potions of haste
 E - 8 potions of mutation
 F - a potion of berserk rage
 G - a potion of resistance
 H - 2 potions of ambrosia
 N - 4 potions of heal wounds
Miscellaneous
 e - a piece from Xom's chessboard (15/15)
 h - a box of beasts
 l - a lightning rod (4/4)


   Skills:
 + Level 13.5 Fighting
 - Level 16.0 Long Blades
 - Level 3.9(5.0) Maces & Flails
 - Level 4.5(5.2) Staves
 + Level 15.9 Armour
 - Level 10.0 Dodging
 - Level 1.0 Stealth
 - Level 4.0 Shields
 - Level 1.0 Spellcasting
 - Level 9.4 Transmutations
 - Level 15.5 Invocations
 - Level 9.5 Evocations


You had 7 spell levels left.
You knew the following spells:

 Your Spells              Type           Power      Damage    Failure   Level
k - Call Canine Familiar  Summ           0%         N/A       100%        3
l - Summon Lightning Spi  Summ/Air       0%         N/A       100%        4
p - Portal Projectile     Hex/Tloc       0%         N/A       100%        3
r - Wereblood             Tmut           36%        N/A       16%         2
w - Passwall              Tmut/Erth      15%        N/A       73%         2

Your spell library contained the following spells:

 Spells                   Type           Power      Damage    Failure   Level
 Beastly Appendage        Tmut           72%        N/A       11%         1
 Blade Hands              Tmut           18%        N/A       96%         5
 Animate Skeleton         Necr           0%         N/A       99%         1
 Corona                   Hex            0%         N/A       99%         1
 Pain                     Necr           0%         1d4       99%         1
 Summon Small Mammal      Summ           0%         N/A       99%         1
 Blink                    Tloc           N/A        N/A       100%        2
 Call Imp                 Summ           0%         N/A       100%        2
 Ensorcelled Hibernation  Hex/Ice        0%         N/A       100%        2
 Poisonous Vapours        Pois/Air       0%         N/A       100%        2
 Slow                     Hex            0%         N/A       100%        2
 Confusing Touch          Hex            0%         N/A       100%        3
 Conjure Flame            Conj/Fire      0%         6-21      100%        3
 Gell's Gravitas          Tloc           0%         N/A       100%        3
 Inner Flame              Hex/Fire       0%         N/A       100%        3
 Lesser Beckoning         Tloc           0%         N/A       100%        3
 Mephitic Cloud           Conj/Pois/Air  0%         N/A       100%        3
 Summon Guardian Golem    Hex/Summ       0%         N/A       100%        3
 Teleport Other           Tloc           0%         N/A       100%        3
 Vampiric Draining        Necr           0%         2d6       100%        3
 Animate Armour           Summ/Erth      0%         N/A       100%        4
 Animate Dead             Necr           0%         N/A       100%        4
 Cause Fear               Hex            0%         N/A       100%        4
 Leda's Liquefaction      Hex/Erth       0%         N/A       100%        4
 Passage of Golubria      Tloc           N/A        N/A       100%        4
 Petrify                  Tmut/Erth      18%        N/A       100%        4
 Summon Ice Beast         Ice/Summ       0%         N/A       100%        4
 Agony                    Necr           0%         N/A       100%        5
 Borgnjor's Vile Clutch   Necr/Erth      0%         N/A       100%        5
 Freezing Cloud           Conj/Ice/Air   0%         6-21      100%        5
 Irradiate                Conj/Tmut      9%         3d16      100%        5
 Manifold Assault         Tloc           0%         N/A       100%        5
 Metabolic Englaciation   Hex/Ice        0%         N/A       100%        5
 Silence                  Hex/Air        0%         N/A       100%        5
 Yara's Violent Unravell  Hex/Tmut       9%         3d6       100%        5
 Dispersal                Tloc           0%         N/A       100%        6
 Eringya's Noxious Bog    Tmut/Pois      9%         N/A       100%        6
 Shadow Creatures         Summ           N/A        N/A       100%        6
 Simulacrum               Ice/Necr       0%         N/A       100%        6
 Statue Form              Tmut/Erth      12%        N/A       100%        6
 Disjunction              Tloc           0%         N/A       100%        8


Dungeon Overview and Level Annotations

Branches:
Dungeon (13/15)            Temple (0/1) D:6            Lair (6/6) D:8
  Swamp (4/4) Lair:2        Snake (4/4) Lair:4        Slime (0/5) Lair:6
    Orc (2/2) D:11            Elf (0/3) Orc:2        Vaults (1/5) D:13
 Bailey (visited)           IceCv (visited)         Gauntlet (visited)

Altars:
Dithmenos
Fedhas
Gozag
Hepliaklqana
Makhleb
Nemelex Xobeh
Sif Muna
Trog
Wu Jian
Xom
The Shining One
Jiyva

Shops:
D:6 :*[([   D:7 (*   Orc:2 *[!?*


Message History

The peacekeeper claws you but does no damage.
You block the war gargoyle's attack.
Aiming: Mindburst
Press: ? - help, Q - select action, (/) - cycle Shift-Dir - straight line, f - war gargoyle
Aim: a war gargoyle, wielding a +1 flail of protection (strong, haloed, chance to affect: 29%)
The war gargoyle easily resists.
The peacekeeper bites you but does no damage.
You block the peacekeeper's attack.
The war gargoyle hits you with a +1 flail of protection!!!
* * * LOW HITPOINT WARNING * * *
The peacekeeper bites you but does no damage.
The peacekeeper claws you.
* * * LOW HITPOINT WARNING * * *
The golden flame engulfs you but does no damage.
You resist.
The golden flame engulfs the peacekeeper!!
You feel a bit better.
You destroy the peacekeeper!
The golden flame engulfs the war gargoyle!
The war gargoyle is moderately damaged.
The golden flame engulfs the dire elephant!
The dire elephant is lightly wounded.
The golden flame engulfs the dire elephant!!!
The dire elephant is moderately wounded.
The war gargoyle launches metal splinters at you.
The spray of metal splinters hits you!!!
* * * LOW HITPOINT WARNING * * *
The golden flame engulfs you but does no damage.
You resist.
The golden flame engulfs the dire elephant!!
The dire elephant is moderately wounded.
The golden flame engulfs the war gargoyle but does no damage.
The war gargoyle is moderately damaged.
The golden flame engulfs the dire elephant.
The dire elephant is moderately wounded.
The golden flame engulfs the ironbound beastmaster!!!
The ironbound beastmaster is severely wounded.
The war gargoyle hits you but does no damage.
The dire elephant tramples you!!
You die...

......# #.....#
#∩)..........#+# ......#
#.....# #.)..........# #####'#
#.....# ##.##....##.## ##.##
#.....# #...##..##...# #...#
#.....# #....#..#....# #...#
#....)# #............#
##...###.....# #....#..#....#
##.#.#.##.....################
+...#...+......@YY.....
#...#...#......)9p.....
#...#...#..............
##.#.#.##..............
##...###..............
#...####'############
#...##.......# ##.###.).)...#
####'# #...)...#


You could see 2 dire elephants, an ironbound beastmaster and a war gargoyle
(strong, catching breath).

Vanquished Creatures
  the Lernaean hydra (Swamp:4)
  Jorgrun (Snake:1)
  2 Ice Fiends (IceCv)
  Gastronok (D:11)
  A sphinx (Vaults:1)
  Frances (Snake:2)
  2 thorn hunters (Swamp:3)
  Roxanne (Swamp:2)
  7 nagarajas (Snake:4)
  A fenstrider witch (Swamp:2)
  Donald (Swamp:2)
  A vault warden (Vaults:1)
  Aizul (Snake:3)
  An orc warlord (Bailey)
  Louise (Swamp:2)
  2 ironbound preservers (Vaults:1)
  2 ghouls (Swamp:4)
  A war gargoyle (Vaults:1)
  3 very ugly things (Vaults:1)
  A minotaur (Gauntlet)
  3 dire elephants (Vaults:1)
  Snorg (D:10)
  2 bunyips
  An ettin (Orc:2)
  4 eleionomae
  3 shambling mangroves
  A crystal guardian (Vaults:1)
  2 green deaths (Swamp:4)
  2 yaktaur captains (Vaults:1)
  An ironbound thunderhulk (Vaults:1)
  4 vault guards (Vaults:1)
  A great orb of eyes (Swamp:4)
  23 hydras
  2 salamander tyrants (Snake:4)
  A hell beast (Swamp:4)
  15 naga warriors
  A boulder beetle (D:10)
  2 peacekeepers (Vaults:1)
  3 centaur warriors
  2 ghost crabs
  5 ogre magi
  7 alligators
  18 two-headed ogres
  10 anacondas
  Urug (D:11)
  8 shock serpents
  2 ironbound beastmasters (Vaults:1)
  A thrashing horror (Swamp:4)
  9 naga sharpshooters
  A fire crab (Lair:6)
  A deep elf knight (D:13)
  5 salamander mystics (Snake:4)
  4 goliath frogs
  3 spriggan druids
  3 swamp dragons (Swamp:4)
  3 sea snakes (Snake:2)
  A phantasmal warrior (Vaults:1)
  An obsidian statue (D:9)
  5 bog bodies
  An orc knight (D:13)
  3 ironbound convokers (Vaults:1)
  7 naga ritualists
  3 deep trolls (Vaults:1)
  A deep elf zephyrmancer (D:13)
  3 deep elf pyromancers (D:13)
  A harpy (shapeshifter) (Vaults:1)
  2 orc sorcerers (Orc:2)
  7 mana vipers
  A wizard (Vaults:1)
  6 ugly things
  2 oklob plants
  2 cyclopes
  19 salamanders
  2 will-o-the-wisps
  4 centaur zombies
  29 black mambas
  12 naga magi
  2 centaur skeletons (D:7)
  4 guardian serpents (Snake:4)
  10 cane toads
  An orange demon (Swamp:4)
  7 yaktaurs (Vaults:1)
  Psyche (D:10)
  A rime drake (Lair:6)
  A freezing wraith (D:12)
  7 komodo dragons
  2 hellwings
  15 ice devils
  5 polar bears
  4 trolls
  7 tyrant leeches
  13 slime creatures
  17 hornets
  20 blink frogs
  5 dream sheep
  A meliai zombie (D:7)
  18 spriggans
  Sigmund (D:4)
  7 centaur simulacra (Gauntlet)
  A vampire (D:9)
  6 shadows
  4 wyverns
  36 yaks
  3 basilisks
  Eustachio (D:5)
  16 vampire mosquitoes
  Edmund (D:5)
  Menkaure (D:4)
  12 swamp worms
  4 acid dragons
  6 wargs
  39 nagas
  15 water moccasins
  A hydra simulacrum (Gauntlet)
  2 hornet zombies
  Duvessa (D:7)
  12 orc warriors
  A meliai simulacrum (Gauntlet)
  2 large abominations (Swamp:4)
  7 black bears
  5 centaurs
  8 necrophages
  29 ogres
  22 wolves (Lair:6)
  5 boggarts
  5 kobold brigands
  A wyvern zombie (D:8)
  A cane toad simulacrum (Gauntlet)
  Dowan (D:6)
  12 bullfrogs
  A gnoll sergeant (D:5)
  3 scorpions
  8 killer bees (D:9)
  3 wights (D:8)
  A howler monkey (D:12)
  3 electric eels
  2 bullfrog zombies (D:5)
  A hound (D:6)
  2 jellies
  11 orc priests
  Jessica (D:3)
  Ijyb (D:3)
  3 iguanas
  16 orc wizards
  13 gnolls
  5 adders
  5 shadow imps
  8 white imps
  8 ufetubi
  An adder skeleton (D:4)
  A worm (D:3)
  2 dart slugs
  42 orcs
  3 bats
  7 endoplasms
  3 giant cockroaches
  5 goblins
  2 hobgoblins
  2 jackals
  4 quokkas
  5 ball pythons
  A frilled lizard (D:3)
  29 kobolds
  8 rats
  A bush (D:5)
919 creatures vanquished.

Vanquished Creatures (collateral kills)
  A fenstrider witch (Swamp:1)
  An eleionoma (Swamp:4)
  A shambling mangrove (Swamp:3)
  A spriggan (Swamp:1)
  A spriggan druid (Swamp:4)
  A bog body (Swamp:1)
  A hornet (Swamp:1)
  4 yaks (Lair:6)
11 creatures vanquished.

Vanquished Creatures (others)
  A vault warden (Vaults:1)
  A very ugly thing (Swamp:4)
  2 alligators
  An ugly thing (Vaults:1)
  3 bloated husks
  A slime creature (Swamp:4)
  A basilisk (D:12)
  A naga (Snake:3)
  A water moccasin (Lair:6)
  A swamp drake (Swamp:1)
  3 white imps (IceCv)
  An ufetubus (IceCv)
  A bush (D:5)
  4 demonic plants (Gauntlet)
  5 foxfires (Swamp:2)
  15 fungi
  106 plants
  4 withered plants (D:7)
152 creatures vanquished.

Grand Total: 1082 creatures vanquished

Notes
Turn   | Place    | Note
-------+----------+-------------------------------------------
     0 | D:1      | Armakuni the Human Artificer began the quest for the Orb.
     0 | D:1      | Reached XP level 1. HP: 15/15 MP: 1/1
   596 | D:1      | Reached XP level 2. HP: 22/22 MP: 2/2
  1653 | D:2      | Reached XP level 3. HP: 28/28 MP: 3/3
  1676 | D:2      | Found a faded altar of an unknown god.
  2377 | D:4      | Reached XP level 4. HP: 30/35 MP: 4/4
  2426 | D:3      | Noticed Jessica
  2433 | D:3      | Killed Jessica
  2510 | D:3      | Noticed Ijyb
  2522 | D:3      | Killed Ijyb
  2523 | D:3      | Reached XP level 5. HP: 36/43 MP: 5/5
  2786 | D:3      | Reached skill level 5 in Fighting
  2791 | D:3      | Found a glowing golden altar of the Shining One.
  2798 | D:3      | Became a worshipper of the Shining One
  3175 | D:4      | Reached XP level 6. HP: 39/51 MP: 6/6
  3698 | D:4      | Found a sparkling altar of Nemelex Xobeh.
  3823 | D:4      | Noticed an ogre
  3843 | D:4      | Killed an ogre
  3866 | D:4      | Identified the +5 ring mail of the Ecumenical Temple {Harm}
  4003 | D:4      | Noticed Sigmund
  4022 | D:4      | Killed Sigmund
  4023 | D:4      | Reached XP level 7. HP: 40/60 MP: 7/7
  4388 | D:4      | Noticed Menkaure
  4392 | D:4      | Killed Menkaure
  4406 | D:4      | Identified a scroll of acquirement
  4406 | D:4      | Acquired the amulet "Lauggugu" {rPois Regen+ Str+5}
  4694 | D:5      | Entered Level 5 of the Dungeon
  4817 | D:5      | Reached skill level 1 in Staves
  4828 | D:5      | Found a blossoming altar of Fedhas.
  4833 | D:5      | Reached * piety under the Shining One
  4893 | D:5      | Reached XP level 8. HP: 66/68 MP: 8/8
  5000 | D:5      | Noticed Edmund
  5024 | D:5      | Killed Edmund
  5025 | D:5      | Reached XP level 9. HP: 55/74 MP: 9/9
  5038 | D:5      | Reached skill level 1 in Maces & Flails
  5296 | D:5      | Noticed Eustachio
  5303 | D:5      | Killed Eustachio
  5378 | D:6      | Found Loxkinig's Book Boutique.
  5500 | D:6      | Found Ihiuse's Antique Weapon Emporium.
  5511 | D:6      | Found a staircase to the Ecumenical Temple.
  5550 | D:6      | Found Xidyosch's Antique Armour Shoppe.
  5663 | D:6      | Found Efozad's Armour Boutique.
  5855 | D:6      | Found Qul Vasch's General Store.
  6325 | D:7      | Noticed a hellwing
  6325 | D:7      | Noticed Duvessa
  6326 | D:7      | Noticed Dowan
  6328 | D:7      | Reached ** piety under the Shining One
  6339 | D:7      | Killed Duvessa
  6366 | D:6      | Killed a hellwing
  6367 | D:6      | Reached skill level 5 in Dodging
  6367 | D:6      | Reached skill level 1 in Invocations
  6437 | D:6      | Killed Dowan
  6463 | D:7      | Reached XP level 10. HP: 80/80 MP: 11/11
  6517 | D:7      | Found Honk's Serpentskin Sales.
  6715 | D:7      | Found a shadowy altar of Dithmenos.
  6877 | D:7      | Found Qepnych's Antique Weapon Emporium.
  7110 | D:7      | Found an ornate altar of the Wu Jian Council.
  7514 | D:8      | Reached skill level 1 in Long Blades
  7517 | D:8      | Reached skill level 2 in Long Blades
  7536 | D:8      | Reached skill level 3 in Long Blades
  7536 | D:8      | Reached XP level 11. HP: 66/86 MP: 12/12
  7581 | D:8      | Reached skill level 4 in Long Blades
  7657 | D:8      | Found a shimmering blue altar of Sif Muna.
  7671 | D:8      | Reached skill level 5 in Long Blades
  7683 | D:8      | Found a staircase to the Lair.
  7835 | D:8      | Reached *** piety under the Shining One
  7856 | D:8      | Reached skill level 6 in Long Blades
  8151 | D:9      | Learned a level 4 spell: Summon Lightning Spire
  8224 | D:9      | Learned a level 3 spell: Call Canine Familiar
  8369 | D:9      | Reached skill level 7 in Long Blades
  8451 | D:9      | Noticed a two-headed ogre
  8468 | D:9      | Killed a two-headed ogre
  8532 | D:9      | Found an opulent altar of Gozag.
  8571 | D:9      | Noticed an obsidian statue
  8667 | D:9      | Reached skill level 8 in Long Blades
  8848 | D:9      | Upgraded the game from 0.27-a0-1332-g84bddb5ca7 to
                  | 0.27-a0-1334-g2746e35aca
  8945 | D:7      | Bought a runed demon blade for 504 gold pieces
  9053 | D:10     | Entered Level 10 of the Dungeon
  9096 | D:10     | Found a shimmering altar of Xom.
  9097 | D:10     | Found a hazy altar of Hepliaklqana.
  9147 | D:10     | Noticed Psyche
  9153 | D:10     | Killed Psyche
  9265 | D:10     | Found a flagged portal.
  9277 | Bailey   | Entered a bailey
  9285 | Bailey   | Noticed an orc warlord
  9383 | Bailey   | Found a runed translucent gate.
  9384 | Bailey   | Found a runed translucent gate.
  9385 | Bailey   | Found a runed translucent gate.
  9528 | Bailey   | Killed an orc warlord
  9529 | Bailey   | Reached skill level 9 in Long Blades
  9556 | Bailey   | Acquired the +3 pair of boots of Glamorous Creativity
                  | {Int+3}
  9570 | Bailey   | Identified the Papyrus of Mutagenic Evil Rites
  9604 | D:10     | Noticed a boulder beetle
  9652 | D:10     | Killed a boulder beetle
  9653 | D:10     | Reached skill level 10 in Long Blades
  9653 | D:10     | Reached XP level 12. HP: 49/92 MP: 13/13
  9784 | D:10     | Found a bloodstained altar of Trog.
 10066 | D:10     | Noticed Snorg
 10084 | D:10     | Killed Snorg
 10208 | D:11     | Noticed Urug
 10222 | D:11     | Killed Urug
 10223 | D:11     | Reached skill level 11 in Long Blades
 10334 | D:11     | Learned a level 3 spell: Portal Projectile
 10363 | D:11     | Found a staircase to the Orcish Mines.
 10414 | D:11     | Noticed Gastronok
 10520 | D:11     | Killed Gastronok
 10611 | D:11     | Noticed a two-headed ogre
 10623 | D:11     | Killed a two-headed ogre
 10624 | D:11     | Reached skill level 12 in Long Blades
 10706 | D:11     | Reached skill level 13 in Long Blades
 10706 | D:11     | Reached XP level 13. HP: 103/103 MP: 14/14
 11044 | D:12     | Noticed a five-headed hydra
 11178 | Lair:1   | Entered Level 1 of the Lair of Beasts
 11178 | Lair:1   | Reached **** piety under the Shining One
 11277 | Lair:1   | Reached skill level 10 in Fighting
 11387 | Lair:1   | Noticed a seven-headed hydra
 11398 | Lair:1   | Killed a seven-headed hydra
 11605 | Lair:1   | Reached skill level 14 in Long Blades
 11617 | Lair:1   | Reached skill level 5 in Armour
 12098 | Lair:2   | Identified the +7 whip of Kotzotebb {drain, Drain rN+
                  | Stlth+}
 12924 | Lair:2   | Found a staircase to the Swamp.
 13241 | Lair:3   | Found a gate leading to a gauntlet.
 13323 | Gauntlet | Entered a Gauntlet
 13323 | Gauntlet | Found a transporter.
 13323 | Gauntlet | Found a runed translucent gate.
 13323 | Gauntlet | Found a runed translucent gate.
 13325 | Gauntlet | Found a runed translucent gate.
 13330 | Gauntlet | Found a transporter.
 13333 | Gauntlet | Found a transporter.
 13338 | Gauntlet | Found a runed translucent door.
 13338 | Gauntlet | Found a runed translucent door.
 13343 | Gauntlet | Found a transporter.
 13346 | Gauntlet | Found a transporter.
 13357 | Gauntlet | Found a transporter.
 13373 | Gauntlet | Found a transporter.
 13384 | Gauntlet | Found a transporter.
 13395 | Gauntlet | Found a transporter.
 13409 | Gauntlet | Found a transporter.
 13409 | Gauntlet | Found a transporter.
 13437 | Gauntlet | Found a transporter.
 13437 | Gauntlet | Found a transporter.
 13494 | Gauntlet | Found a transporter.
 13605 | Gauntlet | Reached XP level 14. HP: 110/110 MP: 15/15
 13766 | Gauntlet | Identified the +3 pair of gloves of Ares {rC- Dex+2 SInv}
 13842 | Gauntlet | Noticed a minotaur
 13859 | Gauntlet | Killed a minotaur
 15038 | Lair:4   | Found a staircase to the Snake Pit.
 15507 | Lair:5   | Identified the ring "Coadup" {rPois rCorr Str+4 Dex+7}
 16695 | Lair:6   | Entered Level 6 of the Lair of Beasts
 16983 | Lair:6   | Reached ***** piety under the Shining One
 17172 | Lair:6   | Reached skill level 10 in Dodging
 17204 | Lair:6   | Reached skill level 10 in Armour
 17204 | Lair:6   | Reached skill level 1 in Shields
 17204 | Lair:6   | Reached XP level 15. HP: 115/115 MP: 16/16
 17245 | Lair:6   | Learned a level 2 spell: Wereblood
 17307 | Lair:6   | Paralysed by a hornet for 1 turns
 17338 | Lair:6   | Found a staircase to the Slime Pits.
 17338 | Lair:6   | Found a viscous altar of Jiyva.
 17356 | Lair:6   | Reached skill level 1 in Spellcasting
 17356 | Lair:6   | Reached skill level 1 in Transmutations
 17614 | Lair:6   | Identified the +8 long sword of the Big Fish {venom, rF+
                  | rCorr}
 18025 | Swamp:1  | Entered Level 1 of the Swamp
 18096 | Swamp:1  | Noticed a fenstrider witch
 18105 | Swamp:1  | Killed a fenstrider witch
 18172 | Swamp:1  | Reached skill level 5 in Transmutations
 18448 | Swamp:1  | You fall into a shaft and drop 1 floor!
 18540 | Swamp:2  | Found a frozen archway.
 18564 | Swamp:2  | Acquired a +3 vorpal double sword
 18573 | IceCv    | Entered an ice cave
 18665 | IceCv    | Reached ****** piety under the Shining One
 18675 | IceCv    | Identified a +5 double sword of holy wrath (a +3 vorpal
                  | double sword blessed by the Shining One)
 18675 | IceCv    | Received a gift from the Shining One
 18889 | IceCv    | Noticed an Ice Fiend
 18907 | IceCv    | Killed an Ice Fiend
 18948 | IceCv    | Noticed an Ice Fiend
 18966 | IceCv    | Killed an Ice Fiend
 18986 | IceCv    | Identified the +9 demon trident "Kidwe" {drain, rPois rCorr
                  | Dex+3}
 19140 | Swamp:1  | Upgraded the game from 0.27-a0-1334-g2746e35aca to
                  | 0.27-a0-1359-ga2a4dfd6fd
 19445 | Swamp:2  | Identified Roxanne's Guide on Transformation
 19445 | Swamp:2  | Noticed Roxanne
 19482 | Swamp:2  | Noticed Louise
 19490 | Swamp:2  | Reached XP level 16. HP: 122/122 MP: 19/19
 19501 | Swamp:2  | Killed Louise
 19504 | Swamp:2  | Noticed a fenstrider witch
 19513 | Swamp:2  | Killed a fenstrider witch
 19514 | Swamp:2  | Reached skill level 5 in Invocations
 19811 | Swamp:2  | Noticed Donald
 19821 | Swamp:2  | Killed Donald
 20215 | Swamp:2  | Killed Roxanne
 20230 | Swamp:2  | Learned a level 2 spell: Passwall
 20414 | Swamp:3  | The Shining One protects you from harm!
 20586 | Swamp:3  | Noticed a thorn hunter
 20596 | Swamp:3  | Killed a thorn hunter
 20659 | Swamp:3  | Reached skill level 15 in Long Blades
 21147 | Swamp:4  | Entered Level 4 of the Swamp
 21147 | Swamp:4  | Noticed a thorn hunter
 21184 | Swamp:3  | Killed a thorn hunter
 21475 | Swamp:4  | Reached XP level 17. HP: 45/128 MP: 22/24
 21481 | Swamp:4  | Reached skill level 10 in Invocations
 21654 | Swamp:4  | Noticed the 27-headed Lernaean hydra
 21847 | Swamp:4  | Reached skill level 16 in Long Blades
 22096 | Swamp:4  | Killed the 27-headed Lernaean hydra
 22285 | Swamp:4  | Got a decaying rune of Zot
 22787 | Orc:1    | Entered Level 1 of the Orcish Mines
 22993 | Orc:2    | Entered Level 2 of the Orcish Mines
 23403 | Orc:2    | Found Kuiq's Assorted Antiques.
 23686 | Orc:2    | Found a staircase to the Elven Halls.
 23763 | Orc:2    | Found Gymugis's Armour Shoppe.
 23763 | Orc:2    | Found Taomuhuym's Magic Scroll Boutique.
 23764 | Orc:2    | Found Wiaros's Distillery.
 23764 | Orc:2    | Found Ganus's General Store.
 23776 | Orc:2    | Bought a scroll of acquirement for 624 gold pieces
 23778 | Orc:2    | Acquired 862 gold pieces
 23785 | Orc:2    | Upgraded the game from 0.27-a0-1359-ga2a4dfd6fd to
                  | 0.27-a0-1378-gdefffd1ff6
 23786 | Orc:2    | Bought a potion of heal wounds for 65 gold pieces
 23788 | Orc:2    | Bought a scroll of immolation for 42 gold pieces
 23788 | Orc:2    | Bought a scroll of fear for 42 gold pieces
 23788 | Orc:2    | Bought a scroll of fog for 24 gold pieces
 23788 | Orc:2    | Bought a scroll of enchant armour for 90 gold pieces
 23788 | Orc:2    | Bought a scroll of teleportation for 36 gold pieces
 23788 | Orc:2    | Bought a scroll of teleportation for 36 gold pieces
 23788 | Orc:2    | Bought a scroll of teleportation for 36 gold pieces
 23865 | Orc:2    | Reached XP level 18. HP: 124/134 MP: 28/28
 24027 | Orc:2    | Bought 2 potions of heal wounds for 330 gold pieces
 24027 | Orc:2    | Bought a scroll of magic mapping for 115 gold pieces
 24027 | Orc:2    | Bought an embroidered cloak for 247 gold pieces
 24656 | Snake:1  | Entered Level 1 of the Snake Pit
 24833 | Snake:1  | Found a burning altar of Makhleb.
 25024 | Snake:1  | Noticed Jorgrun
 25040 | Snake:1  | Killed Jorgrun
 25936 | Snake:2  | Noticed Frances
 25944 | Snake:2  | HP: 5/134 [Frances/iron shot (44)]
 25945 | Snake:2  | Killed Frances
 25949 | Snake:2  | HP: 5/134 [poisoned by Frances]
 27188 | Snake:3  | Noticed Aizul
 27200 | Snake:3  | Killed Aizul
 27284 | Snake:3  | Reached skill level 15 in Invocations
 27589 | Snake:4  | Entered Level 4 of the Snake Pit
 27981 | Snake:4  | Reached XP level 19. HP: 117/140 MP: 30/30
 28513 | Snake:4  | HP: 7/142 [nagaraja (26)]
 28517 | Snake:4  | HP: 3/143 [poisoned by a nagaraja (poison arrow)]
 29094 | Snake:4  | Identified the +6 war axe of Wedghud {vorpal, Fly}
 29537 | Snake:4  | Got a serpentine rune of Zot
 29864 | D:9      | Acquired the +1 pair of gloves of the Unseen Realm {rElec
                  | rPois}
 30736 | D:13     | Reached skill level 15 in Armour
 30786 | D:13     | Found a gate to the Vaults.
 31452 | Vaults:1 | Entered Level 1 of the Vaults
 31530 | Vaults:1 | Reached XP level 20. HP: 111/154 MP: 27/31
 32306 | Vaults:1 | HP: 4/157 [war gargoyle/spray of metal splinters[a
                  | peacekeeper] (38)]
 32307 | Vaults:1 | Mangled by a dire elephant

Illustrated notes

Levels and vault maps discovered:
D:1:      amcnicky_arrival_choice, layout_loops_corners
D:2:      layout_basic, hellmonk_ecumenical_altar_zigzags, minmay_misc_feat_chi
D:3:      wad_pebble_path, layout_basic, tso_altar, minmay_crystal_room,
          grunt_decor_mini_mirrors, kennysheep_jessica_study, uniq_ijyb
D:4:      layout_loops_corners, nemelex_xobeh_ov_fountains_minmay,
          uniq_menkaure, uniq_sigmund
D:5:      layout_rooms, fedhas_altar_decomposition, uniq_edmund, uniq_eustachio
D:6:      layout_layer_cave, minmay_temple_entry_statues_pillars, serial_shops,
          nicolae_shop_stone, nicolae_shop_trees, shop, nicolae_shop_trees,
          nicolae_shop_stone
D:7:      cheibrodos_grave_circle, layout_basic, nzn_wu_jian_council_hall,
          amcnicky_altar_gilded, serial_shops, shop, guppyfry_shop_venom,
          uniq_duvessa
D:8:      minmay_spotlight, layout_basic, nicolae_sif_muna_condensation,
          erik_lair_orcish_takeover, grunt_ministairs_14, kennysheep_crisscross
D:9:      layout_roguey, grunt_gozag_breadcrumbs, minivault_16,
          nzn_life_drinkers
D:10:     layout_loops_ring, regret_index_temple_of_mockery,
          lightli_temple_of_fire, enter_bailey_2, uniq_psyche, uniq_snorg
D:11:     layout_loops_ring, orc_0_dummy, uniq_gastronok, uniq_urug
D:12:     layout_big_octagon
D:13:     layout_stronghold, hangedman_vaults_entry_quadrant_bands
Lair:1:   layout_chaotic_city, serial_bayou_shore_a
Lair:2:   layout_layer_cave, swamp_mist_pool
Lair:3:   layout_regular_city, gauntlet_entry_generic, beast_lair_carwin_6
Lair:4:   dpeg_oklob_shooting_range, layout_long_grid, dummy_snake_entry
Lair:5:   layout_layer_cave, serial_bayou_pond_a, serial_bayou_pond_d
Lair:6:   minmay_lair_end_enchanted_forest, layout_regular_city, slime_altar_1,
          nicolae_quartered_pool_super, grunt_forest_stairs_basic
Swamp:1:  layout_basic_swamp, evilmike_swamp_ruin_house_2
Swamp:2:  layout_basic_swamp, portal_ice_cave_entry_pillars_1,
          evilmike_swamp_ruin_house_4, uniq_louise, uniq_donald, uniq_roxanne
Swamp:3:  layout_basic_swamp, nicolae_swamp_well_well_well
Swamp:4:  swamp_vile, layout_basic_swamp, swamp_pool1
Snake:1:  layout_layer_cave, st_stairs_2, lemuel_oklob_altar,
          grunt_megastairs_4, lemuel_fruit_tree, uniq_jorgrun
Snake:2:  layout_misc_corridors, guppyfry_snake_island, uniq_frances
Snake:3:  layout_grid_maze, uniq_aizul
Snake:4:  johnstein_snake_rune_scales, layout_cave_town, drop_trap, st_stairs_8,
          nicolae_snake_snakes_in_the_grass, grunt_megastairs_2
Orc:1:    layout_diamond_mine, abandoned_shop
Orc:2:    st_orc_ogre_mass, layout_diamond_mine, serial_shops,
          nicolae_diamond_shop
Vaults:1: ebering_vaults_ghost_reflecting_pool,
          nicolae_vaults_mini_display_case, nicolae_vaults_specimen_jars,
          vaults_mumra_hexcomb, v_pattern_4, nicolae_vaults_big_ls,
          vaults_mumra_lcd, v_misc_1, v_misc_8, hangedman_vaults_trim,
          hangedman_vaults_impose, vaults_room_guarded_vault, layout_vaults_ring

Skill      XL: |  1  2  3  4  5  6  7  8  9 10 11 12 13 14 15 16 17 18 19 20 |
---------------+-------------------------------------------------------------+-----
Fighting       | 2 3 4 5 7 8 9 10 12 13 | 13.5
Staves         | 1 4 |  4.5
Armour         | 4 5 10 11 13 15 | 15.9
Maces & Flails | 3 |  3.9
Dodging        | 5 6 10 | 10.0
Invocations    | 2 4 9 13 15 | 15.5
Evocations     | 4 9 |  9.5
Long Blades    | 3 10 13 14 15 16 | 16.0
Shields        | 1 4 |  4.0
Spellcasting   | 1 |  1.0
Transmutations | 9 |  9.4
Stealth        | |  1.0

Action                   |  1- 3 |  4- 6 |  7- 9 | 10-12 | 13-15 | 16-18 | 19-21 || total
-------------------------+-------+-------+-------+-------+-------+-------+-------++-------
Melee: Dagger            |    61 |   128 |    44 |       |       |       |       ||   233
       Club              |     7 |       |       |       |       |       |       ||     7
       Quarterstaff      |       |       |    35 |       |       |       |       ||    35
       Flail             |       |       |    86 |   229 |    50 |       |       ||   365
       Scimitar          |       |       |       |   311 |   747 |       |       ||  1058
       Long sword        |       |       |       |       |   232 |       |       ||   232
       Double sword      |       |       |       |       |    39 |   981 |   676 ||  1696
       Eveningstar       |       |       |       |       |       |    45 |       ||    45
Throw: Dart              |       |       |       |       |     9 |    12 |       ||    21
 Cast: Wereblood         |       |       |       |       |     1 |     6 |    11 ||    18
Invok: Divine Shield     |       |       |     1 |     3 |     6 |    19 |    14 ||    43
       Brand Weapon With |       |       |       |       |     1 |       |       ||     1
       Cleansing Flame   |       |       |       |       |       |    17 |    14 ||    31
Evoke: Wand              |     8 |    12 |    15 |    13 |    20 |    55 |    17 ||   140
       Piece from Xom's  |     1 |     2 |     1 |     3 |       |       |       ||     7
       Lightning rod     |       |       |       |       |     2 |    18 |     3 ||    23
       Box of beasts     |       |       |       |       |       |     1 |       ||     1
  Use: Scroll            |     4 |     5 |     7 |    13 |     9 |    12 |     4 ||    54
       Potion            |       |       |     1 |     2 |     3 |     7 |     1 ||    14
 Stab: Sleeping          |     3 |       |       |       |       |       |       ||     3
Armor: Leather armour    |    27 |    40 |       |       |       |       |       ||    67
       Scale mail        |       |    16 |   136 |   375 |   588 |   303 |       ||  1418
       Crystal plate arm |       |       |       |       |       |   344 |   515 ||   859
Dodge: Dodged            |    23 |    56 |   140 |   346 |   752 |   530 |   313 ||  2160
Block: Other             |       |       |     7 |    16 |     8 |       |       ||    31
       Buckler           |       |       |       |       |   139 |   501 |   527 ||  1167
       Rpst.: Scimitar   |       |       |       |    44 |   116 |       |       ||   160
       Long sword        |       |       |       |       |    28 |       |       ||    28
       Double sword      |       |       |       |       |     6 |    87 |    56 ||   149

Table legend: (Time is in decaauts)
 A = Elapsed time spent in this place.
 B = Non-inter-level travel time spent in this place.
 C = Inter-level travel time spent in this place.
 D = Time resting spent in this place.
 E = Time spent auto-exploring this place.
 F = Levels seen in this place.
 G = Mean time per level.
                   A        B        C        D        E       F      G
               +--------+--------+--------+--------+--------+-----+--------+
         Total |  32034 |  29723 |   2311 |   3126 |  18871 |  33 |  970.7 |
       Dungeon |  12898 |  11777 |   1121 |   1133 |   8114 |  13 |  992.2 |
          Lair |   6310 |   5826 |    484 |     33 |   4561 |   6 | 1051.7 |
         Swamp |   4313 |   4025 |    288 |    715 |   1918 |   4 | 1078.2 |
     Snake Pit |   4796 |   4569 |    227 |    869 |   2463 |   4 | 1199.0 |
  Orcish Mines |   1592 |   1412 |    180 |     41 |    982 |   2 |  796.0 |
        Vaults |    790 |    781 |      9 |     37 |    481 |   1 |  790.0 |
        Bailey |    297 |    297 |      0 |      7 |     77 |   1 |  297.0 |
      Ice Cave |    463 |    463 |      0 |    128 |     32 |   1 |  463.0 |
      Gauntlet |    568 |    568 |      0 |    161 |    243 |   1 |  568.0 |
               +--------+--------+--------+--------+--------+-----+--------+

Top non-repeatable levels by time:
 Snake:4: 1773 daAuts
     D:4: 1531 daAuts
     D:1: 1473 daAuts
 Swamp:3: 1272 daAuts
  Lair:5: 1251 daAuts
  Lair:2: 1186 daAuts
 Snake:1: 1164 daAuts
   Orc:2: 1152 daAuts
  Lair:6: 1150 daAuts
 Swamp:4: 1129 daAuts
    D:11: 1128 daAuts
 Snake:3: 1122 daAuts
     D:8: 1121 daAuts
     D:6: 1101 daAuts
     D:9: 1060 daAuts
